 Dungeon Sprint DCSS version 0.24.1-14-gf8d2b509d9 (webtiles) character file.

Game seed: 1171699105390220206, levelgen mode: deterministic

14476 sahdkjhfkaj the Imperceptible (level 11, -2/47 HPs)
             Began as a Spriggan Enchanter on Oct 17, 2020.
             Was the Champion of Dithmenos.
             Slain by a black mamba (13 damage)
             ... in the Dungeon (Sprint III: "The Ten Rune Challenge").
             The game lasted 00:05:59 (2441 turns).

sahdkjhfkaj the Imperceptible (Spriggan Enchanter)  Turns: 2441, Time: 00:06:00

Health: -2/47      AC:  2    Str:  4    XL:     11   Next: 89%
Magic:  23/30      EV: 19    Int: 17    God:    Dithmenos [******]
Gold:   17         SH:  0    Dex: 20    Spells: 31/38 levels left

rFire    . . .     SeeInvis +   a - +1 dagger
rCold    . . .     Gourm    .   (shield restricted)
rNeg     . . .     Faith    .   b - +0 robe
rPois    .         Spirit   .   (helmet restricted)
rElec    .         Reflect  .   (no cloak)
rCorr    .         Harm     .   (gloves unavailable)
MR       +....     NoTele   +   (boots unavailable)
Stlth    ++++++++++             (no amulet)
HPRegen  0.15/turn              (no ring)
MPRegen  0.22/turn              (no ring)

@: confusing touch, wreathed by umbra, very quick
A: very small, unfitting armour, see invisible, herbivore, speed 3, slow
metabolism 2
a: Shadow Step, Shadow Form, Renounce Religion


You were in the Dungeon.
You worshipped Dithmenos.
Dithmenos was exalted by your worship.
You were not hungry.

You visited 1 branch You collected 17 gold pieces.

Inventory:

Hand Weapons
 a - a +1 dagger (weapon)
Missiles
 i - 7 curare-tipped darts (quivered)
Armour
 b - a +0 robe (worn)
Scrolls
 j - a scroll of blinking
Potions
 c - a potion of berserk rage
 g - a potion of haste
 h - 2 potions of magic
Comestibles
 d - 3 rations


   Skills:
 + Level 12.9 Short Blades
 - Level 3.4 Dodging
 + Level 25.3 Stealth
 + Level 14.2 Spellcasting
 * Level 19.1 Hexes


You had 31 spell levels left.
You knew the following spells:

 Your Spells              Type           Power        Failure   Level  Hunger
a - Corona                Hex            ######.      0%          1    None
b - Ensorcelled Hibernat  Hex/Ice        #####.       1%          2    None
c - Confuse               Hex            ######..     0%          3    None
T - Confusing Touch       Hex            ######       0%          1    None

Your spell library contained the following spells:

 Spells                   Type           Power        Failure   Level  Hunger
 Tukima's Dance           Hex            ######..     0%          3    None
 Dazzling Spray           Conj/Hex       #####.       1%          3    None
 Animate Skeleton         Necr           N/A          5%          1    None
 Apportation              Tloc           ##....       5%          1    None
 Summon Small Mammal      Summ           ##..         5%          1    None


Dungeon Overview and Level Annotations

Branches:
Dungeon (1/1)

Altars:
Cheibriados
Dithmenos
Elyvilon
Fedhas
Gozag
Hepliaklqana
Kikubaaqudgha
Makhleb
Nemelex Xobeh
Okawaru
Qazlal
Ru
Sif Muna
Trog
Uskayaw
Vehumet
Wu Jian
Xom
Yredelemnul
Zin
The Shining One
Beogh
Jiyva
Lugonu

Annotations:
D exclusion: door, Polyphemus


Innate Abilities, Weirdness & Mutations

You are very small and have problems with some larger weapons.
You are too small for most types of armour.
You have supernaturally acute eyesight. (SInv)
You are a herbivore.
You cover ground extremely quickly.
You need to consume almost no food.


Message History

Casting: Ensorcelled Hibernation (safe; 1% risk of failure)
Confirm with . or Enter, or press ? or * to list all spells.
Your hands begin to glow red.
The black mamba bites you!
* * * LOW HITPOINT WARNING * * *
The black mamba closely misses you.
Casting: Confusing Touch (safe; 0% risk of failure)
Confirm with . or Enter, or press ? or * to list all spells.
Aiming: Confuse (safe; 0% risk of failure)
Press: ? - help, Shift-Dir - straight line, f - black mamba, p - blink frog
Aim: a black mamba (chance to confuse on hit: 56%, umbra, chance to defeat MR: 79%)
The black mamba appears confused.
The black mamba bites you!
* * * LOW HITPOINT WARNING * * *
You catch the helpless black mamba completely off-guard!
You hit the black mamba but do no damage.
The black mamba misses you.
You strike the helpless black mamba from behind!
You hit the black mamba but do no damage.
Your shadow hits the black mamba but does no damage.
The black mamba bites you!
You die...

+.≈≈≈§§≈≈≈♣♣.....♣♣♣♣≈≈≈..
#≈≈≈§≈≈§§≈♣♣.≈≈≈≈'♣♣'♣≈≈≈≈
#≈≈≈§§§≈≈≈÷'.....#.≈♣♣♣♣♣♣
#≈≈.≈§§≈≈≈♣♣♣♣♣♣♣#..♣♣
#..≈†≈≈≈≈≈♣ ###'♣♣♣♣♣
#+####'#######♣ ♣♣♣♣.##..#
...........)...♣♣
♣...##.##.
#+#############'♣
♣♣.##.##.# #≈...SFYS@...♣
♣..#.##.. +≈≈.YY########
♣♣.##.##. .#≈≈≈..
♣♣.##.### .#≈≈≈≈P
♣.....##† ###### ########+
▓≈ ▓≈ ▓≈ ▓≈


You could see 3 death yaks, 2 black mambas and a blink frog.

Vanquished Creatures
  Rupert (D)
  Frances (D)
  Donald (D)
  Erica (D)
  A centaur warrior (D)
  A death yak (D)
  Urug (D)
  An unseen horror (D)
  A death drake (D)
  A lindwurm (D)
  A deep elf mage (D)
  2 spiny frogs (D)
  A rime drake (D)
  A komodo dragon (D)
  3 wandering mushrooms (D)
  2 tyrant leeches (D)
  6 blink frogs (D)
  3 redbacks (D)
  A shadow (D)
  A spatial vortex (D)
  A swamp drake (D)
  A necrophage (D)
  2 centaurs (D)
  An earth elemental (D)
  A water elemental (D)
  An electric eel (D)
  A jelly (D)
  A wizard (D)
  Jessica (D)
  A necromancer (D)
  3 humans (D)
  A kobold demonologist (D)
  2 oozes (D)
  A phantom (D)
  A rat (D)
50 creatures vanquished.

Vanquished Creatures (others)
  2 draconian scorchers (D)
  2 hydras (D)
  3 yaktaurs (D)
  6 hellions (D)
  3 plants (D)
16 creatures vanquished.

Grand Total: 66 creatures vanquished

Notes
Turn   | Place    | Note
-------+----------+-------------------------------------------
     0 | D        | sahdkjhfkaj the Spriggan Enchanter began the quest for the
                  | Orb.
     0 | D        | Reached XP level 1. HP: 9/9 MP: 5/5
     4 | D        | Reached skill level 5 in Stealth
     7 | D        | Reached XP level 2. HP: 13/13 MP: 7/7
    12 | D        | Noticed Jessica
    14 | D        | Reached skill level 6 in Stealth
    27 | D        | Killed Jessica
    27 | D        | Reached skill level 9 in Stealth
    27 | D        | Reached XP level 3. HP: 10/16 MP: 6/8
    55 | D        | Killed a yaktaur
    97 | D        | Killed a hellion
    98 | D        | Killed a hellion
    98 | D        | Killed a hellion
    98 | D        | Killed a hellion
   100 | D        | Killed a hellion
   100 | D        | Killed a hellion
   163 | D        | Learned a level 2 spell: Ensorcelled Hibernation
   167 | D        | Learned a level 3 spell: Confuse
   184 | D        | Killed a white draconian scorcher
   218 | D        | Killed a white draconian scorcher
   334 | D        | Reached skill level 11 in Stealth
   384 | D        | Noticed a water elemental
   387 | D        | Killed a water elemental
   387 | D        | Reached skill level 13 in Stealth
   387 | D        | Reached XP level 4. HP: 16/21 MP: 10/10
   456 | D        | Found a radiant altar of Vehumet.
   457 | D        | Found a shimmering blue altar of Sif Muna.
   457 | D        | Found an ancient bone altar of Kikubaaqudgha.
   457 | D        | Noticed a wizard
   458 | D        | Killed a wizard
   458 | D        | Reached skill level 14 in Stealth
   458 | D        | Reached XP level 5. HP: 24/24 MP: 11/11
   460 | D        | Reached skill level 15 in Stealth
   467 | D        | Learned a level 1 spell: Confusing Touch
   473 | D        | Found a glowing silver altar of Zin.
   474 | D        | Found a glowing golden altar of the Shining One.
   474 | D        | Found a white marble altar of Elyvilon.
   474 | D        | Noticed a deep elf mage
   476 | D        | Killed a deep elf mage
   476 | D        | Reached skill level 20 in Stealth
   476 | D        | Reached XP level 6. HP: 28/28 MP: 12/12
   476 | D        | Reached XP level 7. HP: 32/32 MP: 13/13
   547 | D        | Found a hide-covered altar of Uskayaw.
   547 | D        | Found a roughly hewn altar of Beogh.
   547 | D        | Found an iron altar of Okawaru.
   547 | D        | Found a bloodstained altar of Trog.
   547 | D        | Found an ornate altar of the Wu Jian Council.
   547 | D        | Noticed a human
   547 | D        | Noticed a human
   550 | D        | Killed a human
   552 | D        | Killed a human
   552 | D        | Reached skill level 21 in Stealth
   552 | D        | Reached skill level 5 in Spellcasting
   583 | D        | Found a basalt altar of Yredelemnul.
   583 | D        | Found a shadowy altar of Dithmenos.
   583 | D        | Found a sacrificial altar of Ru.
   590 | D        | Became a worshipper of Dithmenos the Shadowed
   596 | D        | Noticed a shadow
   598 | D        | Killed a shadow
   598 | D        | Reached XP level 8. HP: 36/36 MP: 16/18
   760 | D        | Found a blossoming altar of Fedhas.
   760 | D        | Found a stormy altar of Qazlal.
   760 | D        | Found a snail-covered altar of Cheibriados.
   760 | D        | Found a burning altar of Makhleb.
   760 | D        | Found a shimmering altar of Xom.
   761 | D        | Found a hazy altar of Hepliaklqana.
   761 | D        | Found an opulent altar of Gozag.
   761 | D        | Found a sparkling altar of Nemelex Xobeh.
   761 | D        | Found a corrupted altar of Lugonu.
   761 | D        | Found a viscous altar of Jiyva.
   764 | D        | Reached * piety under Dithmenos
   764 | D        | Reached skill level 5 in Short Blades
   773 | D        | Noticed Erica
   776 | D        | Killed Erica
   795 | D        | Reached skill level 22 in Stealth
   795 | D        | Reached XP level 9. HP: 39/39 MP: 20/22
   809 | D        | Noticed a centaur warrior
   811 | D        | Reached ** piety under Dithmenos
   813 | D        | Killed a centaur warrior
   828 | D        | Noticed an unseen horror
   830 | D        | Killed an unseen horror
   835 | D        | Noticed Donald
   835 | D        | Noticed Frances
   839 | D        | Killed Donald
   839 | D        | Reached *** piety under Dithmenos
   839 | D        | Reached skill level 23 in Stealth
   839 | D        | Reached skill level 10 in Spellcasting
   839 | D        | Reached XP level 10. HP: 44/44 MP: 23/25
   840 | D        | Killed Frances
   840 | D        | Reached skill level 10 in Short Blades
   840 | D        | Reached skill level 15 in Hexes
   891 | D        | Reached **** piety under Dithmenos
   898 | D        | Noticed a spiny frog
   898 | D        | Noticed a spiny frog
   906 | D        | Killed a spiny frog
   906 | D        | Reached skill level 24 in Stealth
   906 | D        | Reached XP level 11. HP: 31/47 MP: 25/28
  1019 | D        | Reached ***** piety under Dithmenos
  1063 | D        | Noticed a lindwurm
  1066 | D        | Killed a lindwurm
  1074 | D        | Noticed Urug
  1078 | D        | Killed Urug
  1297 | D        | Noticed a six-headed hydra
  1297 | D        | Noticed a four-headed hydra
  1359 | D        | Killed a six-headed hydra
  1451 | D        | Killed a four-headed hydra
  1831 | D        | Noticed a death drake
  1834 | D        | Killed a death drake
  1851 | D        | Noticed Polyphemus
  1885 | D        | Reached ****** piety under Dithmenos
  2146 | D        | Noticed Rupert
  2150 | D        | Killed Rupert
  2150 | D        | Reached skill level 25 in Stealth
  2160 | D        | Noticed a death yak
  2161 | D        | Noticed a death yak
  2172 | D        | Noticed a death yak
  2176 | D        | Noticed a death yak
  2188 | D        | Killed a death yak
  2441 | D        | Slain by a black mamba

Levels and vault maps discovered:
D:        dungeon_sprint_mu [sprint_mu_entry_forest, sprint_mu_temple_rooms,
          sprint_mu_d1_horrors, sprint_mu_d2_genie, sprint_mu_d3_branching,
          sprint_mu_orc_legion, sprint_mu_elf_gauntlet, sprint_mu_hive_nellie,
          sprint_mu_lair_fedhas, sprint_mu_vaults_butterflies,
          sprint_mu_slime_circle, sprint_mu_swamp_cave, sprint_mu_shoals_archi,
          sprint_mu_blade_basic, sprint_mu_crypt_lich, sprint_mu_tomb_spiral,
          sprint_mu_vestibule_basic, sprint_mu_gehenna_hellfire,
          sprint_mu_dis_giant, sprint_mu_tartarus_statrot,
          sprint_mu_cocytus_islands, sprint_mu_zot1]

Skill      XL: |  1  2  3  4  5  6  7  8  9 10 11 |
---------------+----------------------------------+-----
Stealth        | 5 9 13 14 20 21 22 23 24 25 | 25.3
Spellcasting   | 3 6 8 10 12 14 | 14.2
Hexes          | 4 8 11 14 16 19 | 19.1
Short Blades   | 4 6 9 11 12 | 12.9
Dodging        | |  3.4

Action                   |  1- 3 |  4- 6 |  7- 9 | 10-12 || total
-------------------------+-------+-------+-------+-------++-------
Melee: Dagger            |    30 |     3 |    18 |    52 ||   103
 Cast: Corona            |     1 |       |       |       ||     1
       Ensorcelled Hiber |     3 |       |     3 |    20 ||    26
       Confuse           |     2 |       |       |     1 ||     3
       Confusing Touch   |       |       |       |     5 ||     5
  Use: Potion            |     1 |       |       |     3 ||     4
 Stab: Sleeping          |     5 |     3 |    14 |    24 ||    46
       Confused          |     1 |       |       |     4 ||     5
Armor: Robe              |       |       |       |     2 ||     2
Dodge: Dodged            |    17 |       |     4 |    22 ||    43
